 Dungeon Crawl Stone Soup version 0.24.0-13-gcf9b319 (webtiles) character file.

Game seed: 8145645611291386466, levelgen mode: deterministic

87343 2bobheroes the Nimble (level 15, 0/105 (106) HPs)
             Began as a Gnoll Gladiator on Feb 6, 2020.
             Was the Champion of Okawaru.
             Slain by a faun
             ... wielding a +0 spear
             ... led by a satyr
              (27 damage)
             ... on level 1 of the Shoals on Feb 7, 2020.
             The game lasted 03:13:40 (29297 turns).

2bobheroes the Nimble (Gnoll Gladiator)            Turns: 29297, Time: 03:13:41

HP:   0/105 (106)   AC: 22    Str: 23    XL:     15   Next: 90%
MP:   13/29         EV: 27    Int: 16    God:    Okawaru [******]
Gold: 1640          SH:  0    Dex: 22    Spells: 2/34 levels left

rFire    + + .     SeeInvis +   b - +9 battleaxe (flame)
rCold    . . .     Gourm    .   (shield currently unavailable)
rNeg     . . .     Faith    .   s - +1 ring mail of Discretion {+Inv Dex+4 Stlth+}
rPois    .         Spirit   .   D - +2 helmet
rElec    .         Reflect  .   Q - +2 cloak
rCorr    .         Harm     .   R - +0 pair of gloves
MR       +....                  E - +0 pair of boots "Fohoon" {+Blink +Fly Slay+2}
Stlth    +++.......             C - amulet of regeneration
HPRegen  0.67/turn              r - ring "Qeohal" {rF++ Int+5 Dex-2 SInv}
MPRegen  0.21/turn              O - +4 ring of strength

@: afraid, heroism, finesse, flying, slowed, glowing, very slow
A: distributed training, fangs 1, thin metallic scales 1, frail 1, strong nose
a: Heroism, Finesse, Renounce Religion, Evoke Blink, Evoke Invisibility, Stop
Flying


You were on level 1 of the Shoals.
You worshipped Okawaru.
Okawaru was exalted by your worship.
You were hungry.

You visited 5 branches of the dungeon, and saw 25 of its levels.

You collected 2201 gold pieces.
You spent 561 gold pieces at shops.

Inventory:

Hand Weapons
 a - a +2 falchion of draining
 b - a +9 battleaxe of flaming (weapon)
 c - a +0 hunting sling of velocity
 B - a +0 fustibalus
 T - a +2 longbow of freezing
 X - a +2 antimagic battleaxe
Missiles
 d - 9 throwing nets
 i - 13 curare-tipped darts
 j - 14 javelins
 k - 915 stones (quivered)
 m - 288 arrows
 n - 196 sling bullets
 t - 6 atropa-tipped darts
 A - 70 poisoned darts
 N - 45 boomerangs
Armour
 s - the +1 ring mail of Discretion (worn) {+Inv Dex+4 Stlth+}
   (Okawaru gifted it to you on level 12 of the Dungeon)

   It affects your dexterity (+4).
   It lets you turn invisible.
   It makes you more stealthy.
 D - a +2 helmet (worn)
 E - the +0 pair of boots "Fohoon" (worn) {+Blink +Fly Slay+2}
   (You bought it in a shop on level 1 of the Orcish Mines)

   It affects your accuracy and damage with ranged weapons and melee attacks
   (+2).
   It lets you fly.
   It lets you blink.
 Q - a +2 cloak (worn)
 R - a +0 pair of gloves (worn)
Magical Staves
 G - an uncursed staff of cold
 H - an uncursed staff of air
Jewellery
 r - the ring "Qeohal" (left hand) {rF++ Int+5 Dex-2 SInv}
   (You acquired it on level 2 of the Lair of Beasts)

   [ring of intelligence]

   It affects your intelligence (+5).
   It affects your dexterity (-2).
   It greatly protects you from fire.
   It lets you see invisible.
 C - an amulet of regeneration (around neck)
 O - a +4 ring of strength (right hand)
 S - an uncursed ring of poison resistance
 Z - the amulet "Xurovoif" {Spirit rPois rN++}
   (You found it on level 6 of the Lair of Beasts)

   [amulet of guardian spirit]

   It causes incoming damage to be split between your health and magic.
   It protects you from poison.
   It greatly protects you from negative energy.
Wands
 e - a wand of clouds (5)
 l - a wand of digging (16)
 v - a wand of polymorph (9)
 I - a wand of acid (2)
 P - a wand of paralysis (17)
 Y - a wand of enslavement (2)
Scrolls
 g - 7 scrolls of fear
 o - 3 scrolls of immolation
 F - 4 scrolls of magic mapping
 J - a scroll of silence
 U - 4 scrolls of fog
 V - 2 scrolls of identify
 W - 3 scrolls of teleportation
Potions
 h - 3 potions of might
 p - 5 potions of agility
 q - a potion of haste
 u - 2 potions of berserk rage
 w - 2 potions of curing
 x - 2 potions of cancellation
 y - 2 potions of heal wounds
 z - 3 potions of resistance
 L - 5 potions of brilliance
 M - 4 potions of lignification
Comestibles
 f - 39 rations
 K - 2 chunks of flesh


   Skills:
 + Level 11.1(16.1) Fighting
 + Level 10.2(15.2) Short Blades
 + Level 10.2(15.2) Long Blades
 + Level 10.2(15.2) Axes
 + Level 10.2(15.2) Maces & Flails
 + Level 10.2(15.2) Polearms
 + Level 11.9(16.9) Staves
 + Level 10.2(15.2) Slings
 + Level 10.2(15.2) Bows
 + Level 10.2(15.2) Crossbows
 + Level 11.1(16.1) Throwing
 + Level 10.2(15.2) Armour
 + Level 11.9(16.9) Dodging
 + Level 10.2(15.2) Stealth
 + Level 10.2(15.2) Shields
 + Level 10.2(15.2) Unarmed Combat
 + Level 10.2 Spellcasting
 + Level 8.6 Conjurations
 + Level 8.6 Hexes
 + Level 8.6 Charms
 + Level 8.6 Summonings
 + Level 8.6 Necromancy
 + Level 8.6 Translocations
 + Level 8.6 Transmutations
 + Level 8.6 Fire Magic
 + Level 8.6 Ice Magic
 + Level 8.6 Air Magic
 + Level 8.6 Earth Magic
 + Level 8.6 Poison Magic
 + Level 11.1 Invocations
 + Level 10.2 Evocations


You had 2 spell levels left.
You knew the following spells:

 Your Spells              Type           Power        Failure   Level  Hunger
a - Apportation           Tloc           #####.       1%          1    None
b - Summon Butterflies    Summ           #####...     1%          1    None
c - Lesser Beckoning      Tloc           #####.....   1%          3    None
d - Tukima's Dance        Hex            #####...     1%          3    None
e - Mephitic Cloud        Conj/Pois/Air  #####...     1%          3    None
f - Sting                 Conj/Pois      ####         1%          1    None
g - Poisonous Vapours     Pois/Air       #####.       1%          2    None
h - Passwall              Tmut/Erth      #####...     1%          2    None
i - Olgreb's Toxic Radia  Pois           #####...     3%          4    ###....
j - Portal Projectile     Hex/Tloc       #####.       1%          3    None
k - Sticky Flame          Conj/Fire      #####...     3%          4    ###....
l - Silence               Hex/Air        #####.....   10%         5    #####..

Your spell library contained the following spells:

 Spells                   Type           Power        Failure   Level  Hunger
 Animate Skeleton         Necr           N/A          1%          1    None
 Confusing Touch          Hex            #####.       1%          1    None
 Flame Tongue             Conj/Fire      #####        1%          1    None
 Freeze                   Ice            ####         1%          1    None
 Sandblast                Erth           #####.       1%          1    None
 Summon Small Mammal      Summ           ####         1%          1    None
 Corpse Rot               Necr           N/A          1%          2    None
 Shroud of Golubria       Chrm/Tloc      #####.       1%          2    None
 Sublimation of Blood     Necr           #####.....   1%          2    None
 Throw Flame              Conj/Fire      #####.       1%          2    None
 Throw Frost              Conj/Ice       #####.       1%          2    None
 Confuse                  Hex            #####...     1%          3    None
 Conjure Flame            Conj/Fire      #####...     1%          3    None
 Gell's Gravitas          Tloc           #####.....   1%          3    None
 Inner Flame              Hex/Fire       #####...     1%          3    None
 Ozocubu's Armour         Chrm/Ice       #####...     1%          3    None
 Spider Form              Tmut/Pois      #####.....   1%          3    None
 Stone Arrow              Conj/Erth      #####.       1%          3    None
 Petrify                  Tmut/Erth      #####...     3%          4    ###....
 Summon Ice Beast         Ice/Summ       #####...     3%          4    ###....
 Summon Lightning Spire   Summ/Air       #####...     3%          4    ###....
 Throw Icicle             Conj/Ice       #####...     3%          4    ###....
 Agony                    Necr           #####...     10%         5    #####..
 Alistair's Intoxication  Tmut/Pois      #####...     10%         5    #####..
 Bolt of Draining         Conj/Necr      #####.....   10%         5    #####..
 Dispel Undead            Necr           #####...     10%         5    #####..
 Excruciating Wounds      Chrm/Necr      #####.....   10%         5    #####..
 Fireball                 Conj/Fire      #####.....   10%         5    #####..
 Irradiate                Conj/Tmut      #####.....   10%         5    #####..
 Lee's Rapid Deconstruct  Erth           #####.....   10%         5    #####..
 Metabolic Englaciation   Hex/Ice        #####.....   10%         5    #####..
 Venom Bolt               Conj/Pois      #####.....   10%         5    #####..
 Yara's Violent Unravell  Hex/Tmut       #####.....   10%         5    #####..
 Conjure Ball Lightning   Conj/Air       #####.....   47%         6    ######.
 Deflect Missiles         Chrm/Air       #####.....   47%         6    ######.
 Freezing Cloud           Conj/Ice/Air   #####.....   47%         6    ######.
 Invisibility             Hex            #####...     47%         6    ######.
 Ring of Flames           Chrm/Fire      #####.....   96%         7    #######
 Tornado                  Air            #####.....   100%        9    #######


Dungeon Overview and Level Annotations

Branches:
Dungeon (15/15)            Temple (1/1) D:6            Lair (6/6) D:10
 Shoals (1/4) Lair:3        Snake (0/4) Lair:3        Slime (0/5) Lair:6
    Orc (2/2) D:12            Elf (0/3) Orc:2        Vaults (0/5) D:14
 Depths (0/5) D:15

Altars:
Ashenzari
Cheibriados
Dithmenos
Elyvilon
Fedhas
Gozag
Hepliaklqana
Kikubaaqudgha
Makhleb
Nemelex Xobeh
Okawaru
Qazlal
Ru
Sif Muna
Trog
Vehumet
Wu Jian
Xom
Yredelemnul
Zin
The Shining One
Beogh
Jiyva

Shops:
D:4 !(%   D:6 *   D:10 (   D:12 [   Orc:1 [   Orc:2 *(*[(

Annotations:
D:10 Josephine
Lair:6 Kirke


Innate Abilities, Weirdness & Mutations

Your experience applies equally to all skills.
You have very sharp teeth.
Your uncanny sense of smell can sniff out nearby items.
You are partially covered in thin metallic scales. (AC +2)
You are frail. (-10% HP)


Message History

You hear a splash.
You completely miss the satyr.
The satyr is lightly wounded.
You slash the faun! You burn the faun. You slice the faun!! You burn the faun!
The faun misses you.
The faun unwields a +0 hunting sling.
The faun wields a +0 spear.
The faun splashes around in the water.
The satyr shoots an arrow.
The arrow hits you.
* * * LOW HITPOINT WARNING * * *
You hear a splash.
You closely miss the satyr.
The satyr is lightly wounded.
You slice the faun!! You burn the faun.
You kill the faun!
Okawaru accepts your kill.
You hear a splash. x3
You closely miss the faun. You miss the satyr. You bite the satyr.
The satyr is moderately wounded.
You completely miss the faun. The faun hits you with a +0 spear!!
You die...

≈≈≈≈≈≈≈≈≈≈..
≈≈≈.......≈≈≈≈≈≈≈≈≈≈≈≈..
≈≈....P.).≈≈≈≈≈≈≈≈≈≈≈≈≈.
≈≈....P...≈≈≈≈≈≈≈≈≈≈≈≈≈.
≈≈≈........≈≈≈≈≈≈≈≈≈≈≈≈≈
≈≈≈%..P.≈≈P.≈≈≈≈≈≈≈≈≈≈≈≈
≈......≈≈[≈≈≈≈≈≈≈≈≈≈..≈.
≈....Pcc)≈≈≈≈≈≈≈≈≈≈≈....
≈...P≈)@≈≈≈≈≈≈≈≈≈≈≈≈....
≈P#.P≈≈(≈≈≈≈≈≈≈.≈≈≈≈....
##≈≈≈≈≈(≈≈≈≈≈..≈≈≈≈≈≈.
#≈≈≈P≈≈≈≈(≈≈≈≈≈≈≈.≈≈≈
#≈≈P≈≈≈≈≈(≈≈≈≈≈≈≈..≈≈
#.≈≈≈≈≈≈≈(((....≈≈....
#.≈≈≈≈≈≈≈(.###..≈≈....
#......≈≈...# #.....###
............# ##...## #


You could see a satyr and a faun.

Vanquished Creatures
  A kraken (Shoals:1)
  6 dire elephants (Lair:6)
  An ettin (Orc:1)
  Fannar (Orc:1)
  Harold (D:9)
  8 hydras
  A vault guard (D:14)
  A catoblepas (Lair:5)
  2 centaur warriors
  A merfolk avatar (Shoals:1)
  A tengu warrior (D:13)
  An anaconda (Lair:6)
  An ogre mage (Orc:2)
  4 two-headed ogres
  5 orc high priests (Orc:2)
  Sonja (Lair:4)
  3 sea snakes (Shoals:1)
  An unseen horror (D:12)
  6 orc knights
  An oklob plant (Lair:3)
  7 harpies (Shoals:1)
  6 fauns (Shoals:1)
  2 ugly things
  An orc sorcerer (Orc:1)
  4 cyclopes
  Maurice (D:10)
  16 elephants (Lair:6)
  3 merfolk sirens
  6 black mambas
  2 torpor snails
  2 gargoyles
  7 spiny frogs
  4 centaur skeletons
  3 rime drakes
  6 komodo dragons
  2 trolls (D:15)
  3 hornets
  A wind drake (Shoals:1)
  5 merfolk
  3 slime creatures
  12 blink frogs
  7 dream sheep (Lair:6)
  5 hippogriffs
  Grinder (D:4)
  A snapping turtle (Shoals:1)
  5 wraiths
  A shadow (D:13)
  A vampire (D:12)
  40 yaks
  Grum (D:9)
  3 hogs
  2 basilisks
  2 vampire mosquitoes (D:13)
  3 wargs
  Menkaure (D:7)
  3 nagas (Lair:3)
  2 acid dragons
  7 water moccasins
  5 porcupines
  Duvessa (D:4)
  2 ice beasts
  4 sky beasts
  An eye of draining (D:8)
  2 black bears
  45 orc warriors
  3 necrophages
  A hornet zombie (D:6)
  A swamp drake (D:10)
  13 ogres
  2 phantoms
  A centaur (D:10)
  3 wolves (D:9)
  15 crocodiles
  Blork the orc (D:4)
  A big kobold (D:8)
  8 bullfrogs
  A wyvern zombie (D:8)
  Dowan (D:4)
  A wyvern skeleton (D:13)
  8 wights
  3 killer bees (D:13)
  A howler monkey (D:5)
  An electric eel (Lair:2)
  4 centaur zombies
  8 crimson imps
  A bullfrog zombie (D:6)
  32 orc priests
  5 hounds
  4 jellies
  26 orc wizards
  3 iguanas
  Ijyb (D:4)
  Natasha (D:3)
  3 worker ants
  3 killer bee zombies
  2 hound skeletons
  A howler monkey zombie (D:9)
  Robin (D:3)
  7 gnolls
  11 adders
  3 shadow imps
  An ooze (D:1)
  5 worms
  A dart slug (D:2)
  7 leopard geckos
  98 orcs
  4 ball pythons
  3 giant cockroaches
  19 goblins
  8 hobgoblins
  12 jackals
  13 kobolds
  3 quokkas
  8 bats
  5 frilled lizards
  A leopard gecko skeleton (D:7)
  6 rats
  A butterfly (Lair:3)
  2 fungi
  14 plants
  3 tentacles (Shoals:1)
683 creatures vanquished.

Vanquished Creatures (collateral kills)
  A centaur warrior (D:15)
  A two-headed ogre (D:10)
  2 orc knights (Orc:2)
  A merfolk siren (Shoals:1)
  2 ogres (Orc:2)
  A scorpion (D:5)
  A howler monkey (D:5)
  2 orc priests (Orc:2)
  2 orc wizards (Orc:1)
13 creatures vanquished.

Vanquished Creatures (others)
  A manticore (D:15)
  A faun (shapeshifter) (D:15)
  8 dancing weapons
  2 orcs (D:5)
  3 bushes (Lair:6)
  10 fungi
  21 plants
  5 tentacles (Shoals:1)
51 creatures vanquished.

Grand Total: 747 creatures vanquished

Notes
Turn   | Place    | Note
-------+----------+-------------------------------------------
     0 | D:1      | 2bobheroes the Gnoll Gladiator began the quest for the Orb.
     0 | D:1      | Reached XP level 1. HP: 20/20 MP: 1/1
   324 | D:1      | Reached XP level 2. HP: 24/26 MP: 2/2
   812 | D:2      | Found a faded altar of an unknown god.
   836 | D:2      | Reached XP level 3. HP: 20/31 MP: 3/3
   894 | D:2      | Reached skill level 1 in Invocations
  1093 | D:2      | Reached skill level 1 in Short Blades
  1093 | D:2      | Reached skill level 1 in Long Blades
  1093 | D:2      | Reached skill level 1 in Axes
  1093 | D:2      | Reached skill level 1 in Maces & Flails
  1093 | D:2      | Reached skill level 1 in Polearms
  1093 | D:2      | Reached skill level 1 in Slings
  1093 | D:2      | Reached skill level 1 in Bows
  1093 | D:2      | Reached skill level 1 in Crossbows
  1093 | D:2      | Reached skill level 1 in Armour
  1093 | D:2      | Reached skill level 1 in Stealth
  1093 | D:2      | Reached skill level 1 in Shields
  1093 | D:2      | Reached skill level 1 in Unarmed Combat
  1093 | D:2      | Reached skill level 1 in Spellcasting
  1093 | D:2      | Reached skill level 1 in Evocations
  1093 | D:2      | Reached XP level 4. HP: 25/38 MP: 5/5
  1703 | D:2      | Became a worshipper of Xom of Many Doors
  1763 | D:3      | Reached skill level 1 in Conjurations
  1763 | D:3      | Reached skill level 1 in Hexes
  1763 | D:3      | Reached skill level 1 in Charms
  1763 | D:3      | Reached skill level 1 in Summonings
  1763 | D:3      | Reached skill level 1 in Necromancy
  1763 | D:3      | Reached skill level 1 in Translocations
  1763 | D:3      | Reached skill level 1 in Transmutations
  1763 | D:3      | Reached skill level 1 in Fire Magic
  1763 | D:3      | Reached skill level 1 in Ice Magic
  1763 | D:3      | Reached skill level 1 in Air Magic
  1763 | D:3      | Reached skill level 1 in Earth Magic
  1763 | D:3      | Reached skill level 1 in Poison Magic
  1968 | D:3      | XOM: divination: detect items
  1992 | D:3      | XOM: harmless Chrm miscast
  2005 | D:3      | XOM: potion effect (haste)
  2103 | D:3      | XOM: harmless Erth miscast
  2302 | D:3      | Reached XP level 5. HP: 43/43 MP: 6/6
  2320 | D:3      | XOM: harmless Ice miscast
  2341 | D:3      | Noticed Robin
  2345 | D:3      | XOM: scenery: create altars
  2386 | D:3      | Killed Robin
  2713 | D:3      | Noticed Natasha
  2720 | D:3      | Killed Natasha
  2733 | D:3      | Reached XP level 6. HP: 7/50 MP: 8/8
  2930 | D:3      | XOM: harmless Erth miscast
  3008 | D:3      | Found a white marble altar of Elyvilon.
  3024 | D:3      | XOM is BORED!
  3074 | D:4      | Noticed a phantom
  3084 | D:4      | XOM: harmless Ice miscast
  3101 | D:4      | Killed a phantom
  3101 | D:4      | Reached skill level 5 in Fighting
  3101 | D:4      | Reached skill level 5 in Throwing
  3116 | D:4      | XOM: harmless Tloc miscast
  3237 | D:4      | Noticed Blork the orc
  3249 | D:4      | XOM: enchant monster (good)
  3250 | D:4      | XOM: medium Chrm miscast
  3267 | D:4      | Killed Blork the orc
  3380 | D:4      | XOM: god gift: robe {god gift}
  3453 | D:4      | XOM: give mutation
  3453 | D:4      | Gained mutation: You are clumsy. (Dex -2) [Xom's mischief]
  3614 | D:4      | Found Ruoxell's Food Shop.
  3618 | D:4      | Noticed Duvessa
  3618 | D:4      | Noticed Dowan
  3629 | D:4      | XOM: scenery: create altars
  3646 | D:4      | Killed Duvessa
  3646 | D:4      | Reached XP level 7. HP: 47/56 MP: 10/10
  3667 | D:4      | XOM: confusion
  3677 | D:4      | XOM: divination: detect creatures
  3679 | D:4      | XOM: mild Necr miscast
  3683 | D:4      | XOM: confusion
  3691 | D:4      | Killed Dowan
  3736 | D:4      | XOM: summons 3 hostile demons
  3985 | D:4      | Found Wuorilab's Distillery.
  3993 | D:4      | Bought a potion of degeneration for 10 gold pieces
  3993 | D:4      | Bought a potion of agility for 40 gold pieces
  3993 | D:4      | Bought a potion of flight for 30 gold pieces
  3993 | D:4      | Bought a potion of brilliance for 40 gold pieces
  4118 | D:4      | Found a stormy altar of Qazlal.
  4145 | D:4      | Noticed Grinder
  4147 | D:4      | XOM: give mutations
  4147 | D:4      | Gained mutation: Your mind is acute. (Int +2) [Xom's grace]
  4147 | D:4      | Gained mutation: Your natural rate of healing is unusually
                  | fast. [Xom's grace]
  4147 | D:4      | Gained mutation: You evolve. [Xom's grace]
  4166 | D:4      | XOM: chaos cloud
  4175 | D:4      | XOM: cleaving
  4177 | D:4      | Paralysed by Grinder for 4 turns
  4179 | D:4      | XOM: cast spell 'Discord'
  4186 | D:4      | Killed Grinder
  4186 | D:4      | Reached XP level 8. HP: 58/63 MP: 10/12
  4230 | D:4      | Noticed Ijyb
  4250 | D:4      | XOM: summons 4 hostile demons
  4252 | D:4      | HP: 2/63 [Ijyb/+0 club (3)]
  4371 | D:4      | Found Dojoloot's Weapon Emporium.
  4418 | D:4      | Killed Ijyb
  4706 | D:5      | Entered Level 5 of the Dungeon
  4816 | D:5      | XOM: scenery: create altars
  4950 | D:5      | XOM: summons friendly iron imp
  4955 | D:5      | XOM: confusion (+ monsters)
  5004 | D:5      | XOM: 1-stop teleportation journey
  5335 | D:5      | Learned a level 1 spell: Apportation
  5337 | D:5      | Learned a level 1 spell: Summon Butterflies
  5341 | D:5      | Learned a level 3 spell: Lesser Beckoning
  5345 | D:5      | Learned a level 3 spell: Tukima's Dance
  5589 | D:5      | XOM: cloud trail
  5605 | D:5      | Found a snail-covered altar of Cheibriados.
  5808 | D:6      | XOM: butterfly on damage
  5913 | D:6      | XOM: harmless Conj miscast
  6009 | D:6      | Reached XP level 9. HP: 69/69 MP: 14/14
  6256 | D:6      | Found a staircase to the Ecumenical Temple.
  6316 | D:6      | Found an ancient bone altar of Kikubaaqudgha.
  6367 | D:6      | Found Taecyt's Assorted Antiques.
  6372 | D:6      | Bought a scroll labeled KANUDD QAMAIR for 31 gold pieces
  6372 | D:6      | Bought a scroll labeled NONOEV LUANN for 31 gold pieces
  6372 | D:6      | Bought a scroll labeled KANUDD QAMAIR for 31 gold pieces
  6602 | D:6      | XOM: mild Air miscast
  6768 | D:6      | XOM: mild Necr miscast
  7066 | D:6      | XOM: summons 2 hostile demons
  7161 | Temple   | Entered the Ecumenical Temple
  7195 | Temple   | Fell from the grace of Xom
  7195 | Temple   | Became a worshipper of Warmaster Okawaru
  7406 | D:7      | XOM: medium Tmut miscast
  7553 | D:7      | Learned a level 3 spell: Mephitic Cloud
  7555 | D:7      | Learned a level 1 spell: Sting
  7558 | D:7      | Learned a level 2 spell: Poisonous Vapours
  7668 | D:7      | Found a hazy altar of Hepliaklqana.
  7669 | D:7      | XOM: medium Air miscast
  7697 | D:7      | Noticed Menkaure
  7707 | D:7      | Killed Menkaure
  7814 | D:7      | Found a shimmering altar of Xom.
  7818 | D:7      | Noticed an angel
  7921 | D:7      | Found a glowing silver altar of Zin.
  8609 | D:7      | XOM: give mutations
  8609 | D:7      | Gained mutation: Your movements are slightly less
                  | encumbered by armour. (ER -2) [Xom's mischief]
  8609 | D:7      | Lost mutation: Your mind is acute. (Int +2) [Xom's
                  | mischief]
  8609 | D:7      | Gained mutation: You occasionally shout uncontrollably at
                  | your foes. [Xom's mischief]
  8610 | D:7      | Lost mutation: You are clumsy. (Dex -2) [potion of
                  | mutation]
  8610 | D:7      | Lost mutation: Your movements are slightly less encumbered
                  | by armour. (ER -2) [potion of mutation]
  8610 | D:7      | Lost mutation: Your natural rate of healing is unusually
                  | fast. [potion of mutation]
  8610 | D:7      | Lost mutation: You evolve. [potion of mutation]
  8610 | D:7      | Gained mutation: You are partially covered in thin metallic
                  | scales. (AC +2) [potion of mutation]
  8610 | D:7      | Gained mutation: You are covered in fur. (AC +1) [potion of
                  | mutation]
  8610 | D:7      | Gained mutation: You have a pair of small horns on your
                  | head. [potion of mutation]
  8729 | D:8      | Reached skill level 5 in Invocations
  8785 | D:8      | XOM: medium Conj miscast
  8794 | D:8      | Reached * piety under Okawaru
  8823 | D:8      | XOM: stat loss: -1 Dex (17/18)
  8895 | D:8      | Reached XP level 10. HP: 49/77 MP: 17/17
  9122 | D:8      | Learned a level 2 spell: Passwall
  9189 | D:8      | Found a radiant altar of Vehumet.
  9307 | D:8      | Identified the Grimoire of Warped Moulding
  9493 | D:8      | XOM: mild Pois miscast
  9573 | D:9      | XOM: give mutations
  9573 | D:9      | Lost mutation: You have a pair of small horns on your head.
                  | [Xom's mischief]
  9573 | D:9      | Gained mutation: You are frail. (-10% HP) [Xom's mischief]
  9573 | D:9      | Lost mutation: You occasionally shout uncontrollably at
                  | your foes. [Xom's mischief]
  9573 | D:9      | Lost mutation: You are covered in fur. (AC +1) [Xom's
                  | mischief]
  9647 | D:9      | Got a heavily runed leather armour
  9658 | D:9      | Identified the +2 leather armour "Plog" {Regen+ rCorr
                  | Slay-4 Stlth+} (You found it on level 9 of the Dungeon)
  9760 | D:9      | XOM: summons 10 hostile demons
  9922 | D:9      | Noticed Grum
  9997 | D:9      | Killed Grum
  9997 | D:9      | Reached skill level 5 in Short Blades
  9997 | D:9      | Reached skill level 5 in Long Blades
  9997 | D:9      | Reached skill level 5 in Axes
  9997 | D:9      | Reached skill level 5 in Maces & Flails
  9997 | D:9      | Reached skill level 5 in Polearms
  9997 | D:9      | Reached skill level 5 in Slings
  9997 | D:9      | Reached skill level 5 in Bows
  9997 | D:9      | Reached skill level 5 in Crossbows
  9997 | D:9      | Reached skill level 5 in Armour
  9997 | D:9      | Reached skill level 5 in Stealth
  9997 | D:9      | Reached skill level 5 in Shields
  9997 | D:9      | Reached skill level 5 in Unarmed Combat
  9997 | D:9      | Reached skill level 5 in Spellcasting
  9997 | D:9      | Reached skill level 5 in Evocations
 10018 | D:9      | Found a snail-covered altar of Cheibriados.
 10728 | D:10     | Entered Level 10 of the Dungeon
 10728 | D:10     | Found Naczouh's Antique Weapon Boutique.
 10730 | D:10     | Reached ** piety under Okawaru
 10968 | D:10     | XOM: medium Summ miscast
 11089 | D:10     | Noticed a two-headed ogre
 11102 | D:10     | Killed a two-headed ogre
 11623 | D:10     | Noticed Maurice
 11662 | D:10     | Killed Maurice
 11769 | D:10     | Reached *** piety under Okawaru
 11887 | D:10     | Noticed Josephine
 11906 | D:10     | Noticed Harold
 12252 | D:9      | Killed Harold
 12252 | D:9      | Reached XP level 11. HP: 17/75 MP: 19/19
 12429 | D:9      | XOM: medium Hex miscast
 12980 | D:11     | XOM: noise
 13213 | D:11     | XOM: mild Erth miscast
 13295 | D:11     | Noticed a green ugly thing
 13321 | D:11     | Killed a green ugly thing
 13321 | D:11     | Reached **** piety under Okawaru
 13321 | D:11     | Reached skill level 5 in Conjurations
 13321 | D:11     | Reached skill level 5 in Hexes
 13321 | D:11     | Reached skill level 5 in Charms
 13321 | D:11     | Reached skill level 5 in Summonings
 13321 | D:11     | Reached skill level 5 in Necromancy
 13321 | D:11     | Reached skill level 5 in Translocations
 13321 | D:11     | Reached skill level 5 in Transmutations
 13321 | D:11     | Reached skill level 5 in Fire Magic
 13321 | D:11     | Reached skill level 5 in Ice Magic
 13321 | D:11     | Reached skill level 5 in Air Magic
 13321 | D:11     | Reached skill level 5 in Earth Magic
 13321 | D:11     | Reached skill level 5 in Poison Magic
 13332 | D:11     | XOM: harmless Summ miscast
 13397 | D:11     | You fall into a shaft and drop 3 floors!
 13445 | D:14     | XOM: mild Pois miscast
 13479 | D:14     | Noticed a deep elf mage
 13506 | D:14     | XOM: noise
 13513 | D:14     | Noticed a vault guard
 13587 | D:14     | Noticed a vault guard
 13630 | D:14     | Noticed a rakshasa
 13665 | D:14     | Noticed a vault guard
 13698 | D:14     | Found a gate to the Vaults.
 13713 | D:14     | Noticed a moth of wrath
 13753 | D:14     | XOM: enchant monster (bad)
 13795 | D:15     | Entered Level 15 of the Dungeon
 13828 | D:15     | Noticed a four-headed hydra
 13830 | D:15     | Noticed a centaur warrior
 13851 | D:14     | Noticed a vault guard
 13852 | D:14     | Noticed a vault guard
 13865 | D:15     | Noticed a cyclops
 13865 | D:15     | Noticed a centaur warrior
 13865 | D:15     | Noticed a cyclops
 13870 | D:15     | Noticed a cyclops
 13879 | D:15     | Noticed a six-headed hydra
 13879 | D:15     | Noticed a manticore
 13880 | D:15     | Noticed a swamp dragon
 13881 | D:15     | a swamp dragon changed into a tarantella
 13888 | D:15     | Noticed a mana viper
 13891 | D:15     | Killed a centaur warrior
 13891 | D:15     | Reached ***** piety under Okawaru
 13892 | D:15     | Killed a cyclops
 13893 | D:15     | Noticed a faun
 13893 | D:15     | a mana viper changed into a faun
 13902 | D:15     | Received a gift from Okawaru
 13903 | D:15     | Killed a six-headed hydra
 13907 | D:15     | Killed a cyclops
 13973 | D:15     | XOM: medium Conj miscast
 14052 | D:15     | Found a staircase to the Depths.
 14072 | D:15     | Killed a cyclops
 14072 | D:15     | Received a gift from Okawaru
 14148 | D:15     | XOM: 2-stop teleportation journey
 14149 | D:15     | Noticed an orc knight
 14149 | D:15     | Noticed a two-headed ogre
 14176 | D:15     | Killed a two-headed ogre
 14176 | D:15     | Received a gift from Okawaru
 14176 | D:15     | Reached XP level 12. HP: 83/83 MP: 22/22
 14282 | D:15     | Received a gift from Okawaru
 14295 | D:15     | Killed a one-headed hydra
 14335 | D:15     | XOM: enchant monster (bad)
 14341 | D:15     | Killed a centaur warrior
 14463 | D:14     | Noticed a vault guard
 14472 | D:14     | Noticed a vault guard
 14480 | D:14     | Killed a vault guard
 14482 | D:13     | XOM: noise
 14551 | D:13     | Noticed a centaur warrior
 14566 | D:13     | Killed a centaur warrior
 14618 | D:13     | Found a basalt altar of Yredelemnul.
 14665 | D:13     | Received a gift from Okawaru
 14752 | D:13     | Learned a level 4 spell: Olgreb's Toxic Radiance
 15036 | D:13     | XOM: summons 1 hostile shadow creature
 15232 | D:13     | Noticed a tengu warrior
 15279 | D:13     | Killed a tengu warrior
 15279 | D:13     | Reached skill level 10 in Staves
 15279 | D:13     | Reached skill level 10 in Dodging
 15345 | D:13     | XOM: enchant monster (good)
 15380 | D:13     | Noticed a two-headed ogre
 15389 | D:13     | Killed a two-headed ogre
 15407 | D:13     | Noticed a tengu warrior
 16030 | D:12     | Reached XP level 13. HP: 89/89 MP: 24/24
 16381 | D:12     | Received a gift from Okawaru
 16384 | D:12     | Got a jewelled ring mail {god gift}
 16395 | D:12     | Identified the +1 ring mail of Discretion {+Inv Dex+4
                  | Stlth+} (Okawaru gifted it to you on level 12 of the
                  | Dungeon)
 16488 | D:12     | XOM: summons 1 hostile shadow creature
 16519 | D:12     | Found Fohainebb's Antique Armour Boutique.
 16537 | D:12     | Found a stormy altar of Qazlal.
 16979 | D:12     | Found a staircase to the Orcish Mines.
 17241 | D:10     | Found a staircase to the Lair.
 17278 | Lair:1   | Entered Level 1 of the Lair of Beasts
 17505 | Lair:1   | XOM: medium Necr miscast
 18002 | Lair:2   | XOM: noise
 18044 | Lair:1   | XOM: divination: detect creatures
 18077 | Lair:2   | Identified a scroll of acquirement
 18079 | Lair:2   | Got an ancient silver ring
 18081 | Lair:2   | Identified the ring "Qeohal" {rF++ Int+5 Dex-2 SInv} (You
                  | acquired it on level 2 of the Lair of Beasts)
 18193 | Lair:2   | Was forgiven by Xom
 18981 | Lair:3   | Found a staircase to the Snake Pit.
 19263 | Lair:3   | Learned a level 3 spell: Portal Projectile
 19268 | Lair:3   | Learned a level 4 spell: Sticky Flame
 19298 | Lair:3   | You fall into a shaft and drop 2 floors!
 19515 | Lair:5   | Received a gift from Okawaru
 19883 | Lair:5   | Received a gift from Okawaru
 20153 | Lair:5   | Reached XP level 14. HP: 97/97 MP: 26/26
 20514 | Lair:3   | Got an encrusted helmet
 20525 | Lair:3   | Identified the +2 helmet of Hangman {-Cast rElec Str+5
                  | Dex+4} (You found it on level 3 of the Lair of Beasts)
 20697 | Lair:3   | Found a staircase to the Shoals.
 21359 | Lair:4   | Noticed Sonja
 21372 | Lair:4   | Paralysed by Sonja for 3 turns
 21377 | Lair:4   | Killed Sonja
 21377 | Lair:4   | Reached skill level 10 in Fighting
 21377 | Lair:4   | Reached skill level 10 in Throwing
 21683 | Lair:4   | Found a hazy altar of Hepliaklqana.
 22373 | Lair:6   | Entered Level 6 of the Lair of Beasts
 22836 | Lair:6   | Noticed Kirke
 23108 | Lair:6   | Reached skill level 10 in Invocations
 23362 | Lair:6   | Reached ****** piety under Okawaru
 23572 | Lair:6   | Received a gift from Okawaru
 23578 | Lair:6   | Got a crude chain mail {god gift}
 23589 | Lair:6   | Identified the +5 chain mail of Indemnity {rF+++ MR- rCorr
                  | Int+4} (Okawaru gifted it to you on level 6 of the Lair of
                  | Beasts)
 24085 | Lair:6   | Found a viscous altar of Jiyva.
 24085 | Lair:6   | Found a staircase to the Slime Pits.
 24557 | Lair:6   | Noticed a dire elephant
 24557 | Lair:6   | Noticed a dire elephant
 24574 | Lair:6   | Killed a dire elephant
 24598 | Lair:6   | Killed a dire elephant
 24627 | Lair:6   | Got a scorched ruby amulet
 24628 | Lair:6   | Identified the amulet "Xurovoif" {Spirit rPois rN++} (You
                  | found it on level 6 of the Lair of Beasts)
 24703 | Lair:6   | Noticed a dire elephant
 24719 | Lair:6   | Killed a dire elephant
 24722 | Lair:6   | Noticed a dire elephant
 24734 | Lair:6   | Killed a dire elephant
 24756 | Lair:6   | Noticed a dire elephant
 24769 | Lair:6   | Killed a dire elephant
 24769 | Lair:6   | Reached XP level 15. HP: 80/104 MP: 28/28
 25101 | Orc:1    | Entered Level 1 of the Orcish Mines
 25171 | Orc:1    | Found Eretzageurch's Armour Shop.
 25286 | Orc:1    | Noticed Fannar
 25305 | Orc:1    | Killed Fannar
 25386 | Orc:1    | Bought the +0 pair of boots "Fohoon" {+Blink +Fly Slay+2}
                  | for 348 gold pieces
 25537 | Orc:1    | Found a roughly hewn altar of Beogh.
 25698 | Orc:2    | Entered Level 2 of the Orcish Mines
 26387 | Orc:1    | Received a gift from Okawaru
 27083 | Orc:2    | Found War Zogh's General Store.
 27087 | Orc:2    | Found a staircase to the Elven Halls.
 28000 | Orc:2    | Reached skill level 10 in Short Blades
 28000 | Orc:2    | Reached skill level 10 in Long Blades
 28000 | Orc:2    | Reached skill level 10 in Axes
 28000 | Orc:2    | Reached skill level 10 in Maces & Flails
 28000 | Orc:2    | Reached skill level 10 in Polearms
 28000 | Orc:2    | Reached skill level 10 in Slings
 28000 | Orc:2    | Reached skill level 10 in Bows
 28000 | Orc:2    | Reached skill level 10 in Crossbows
 28000 | Orc:2    | Reached skill level 10 in Armour
 28000 | Orc:2    | Reached skill level 10 in Stealth
 28000 | Orc:2    | Reached skill level 10 in Shields
 28000 | Orc:2    | Reached skill level 10 in Unarmed Combat
 28000 | Orc:2    | Reached skill level 10 in Spellcasting
 28000 | Orc:2    | Reached skill level 10 in Evocations
 28172 | Orc:2    | Received a gift from Okawaru
 28244 | Orc:2    | Found Jyonn's Weapon Boutique.
 28244 | Orc:2    | Found Lonep's Weapon Boutique.
 28245 | Orc:2    | Found Puqutytz's Armour Boutique.
 28245 | Orc:2    | Found Biebeg's General Store.
 28580 | Shoals:1 | Entered Level 1 of the Shoals
 28773 | Shoals:1 | Received a gift from Okawaru
 28834 | Shoals:1 | Received a gift from Okawaru
 29043 | Shoals:1 | Learned a level 5 spell: Silence
 29047 | Shoals:1 | Noticed a kraken
 29079 | Shoals:1 | Killed a kraken
 29297 | Shoals:1 | Slain by a faun

Levels and vault maps discovered:
D:1:      zaba_arrival_water, layout_basic, minivault_11, serial_bayou_pond_a,
          hex_tiny, minmay_splitting_lines, roderic_lattice_a
D:2:      layout_rooms, first_ration, chequers_ecumenical_altar_simple_redux
D:3:      layout_basic, nicolae_overflow_hidden_temple, uniq_robin, uniq_natasha
D:4:      layout_basic, lemuel_crystal_altar, serial_shops, shop,
          nicolae_shop_trees, nicolae_shop_stone, uniq_duvessa, uniq_ijyb,
          uniq_blork_the_orc, uniq_grinder
D:5:      layout_loops_cross, kennysheep_mini, hangedman_decor_growths,
          skrybe_limestone_x
D:6:      layout_loops_ring, lemuel_crystal_altar,
          minmay_temple_entry_proselytizer, serial_shops, nicolae_shop_trees,
          serial_rivers, chequers_serial_rivers_micro_e,
          chequers_serial_rivers_marsh, chequers_serial_rivers_micro_e,
          chequers_serial_rivers_micro_e, chequers_serial_rivers_small_a,
          chequers_serial_rivers_micro_b, minmay_circle_x
D:7:      layout_layer_cave, grunt_temple_overflow_order_and_chaos_1,
          lemuel_crystal_altar, uniq_menkaure
D:8:      layout_rooms, vehumet_altar_wand_db
D:9:      layout_loops_corners, basic_altar, uniq_grum
D:10:     layout_rooms, erik_lair_dragon, serial_shops, shop, eino_tiny_chamber,
          grunt_ogre_cave, uniq_harold, uniq_josephine, uniq_maurice
D:11:     layout_basic, minmay_misc_feat_rows
D:12:     layout_roguey, david_orc_4, serial_shops, shop_fountains, basic_altar
D:13:     layout_roguey, yredelemnul_altar_generic
D:14:     layout_loops_ring, erik_vaults_2, hangedman_glass_teeth, pond
D:15:     hangedman_depths_entry_try_elsewhere_first, layout_rooms,
          chequers_serial_rivers_micro_a, serial_shops, nicolae_shop_stone,
          gammafunk_ghost_hydra_chop
Temple:   minmay_temple_bridge_abc
Lair:1:   layout_gridlike, eino_small_chamber_without_monster,
          nicolae_lair_grove_arrangements
Lair:2:   layout_roguey, serial_bayou_shore_a
Lair:3:   layout_misc_corridors, elwin_shoals_entry_stream,
          minmay_snake_entry_guardpost_small, lemuel_fruit_fields
Lair:4:   layout_regular_city, basic_altar, grunt_megastairs_2, uniq_sonja
Lair:5:   layout_loops_ring, minmay_shattered_shrine, lemuel_fruit_fields
Lair:6:   due_jungle_book, layout_gridlike, dpeg_slime_entry_enclosed_altar,
          grunt_megastairs_1, uniq_kirke
Shoals:1: layout_shoals, nicolae_shoals_cliffside_cave
Orc:1:    layout_diamond_mine, serial_shops, shop, basic_altar,
          nicolae_orc_tapped_out, uniq_fannar
Orc:2:    st_orc_pillars, layout_caves, serial_shops, shop

Skill      XL: |  1  2  3  4  5  6  7  8  9 10 11 12 13 14 15 |
---------------+----------------------------------------------+-----
Invocations    | 1 2 3 4 5 6 7 8 9 10 11 | 11.1
Short Blades   | 1 2 3 4 5 6 7 8 9 10 | 10.2
Long Blades    | 1 2 3 4 5 6 7 8 9 10 | 10.2
Axes           | 1 2 3 4 5 6 7 8 9 10 | 10.2
Maces & Flails | 1 2 3 4 5 6 7 8 9 10 | 10.2
Polearms       | 1 2 3 4 5 6 7 8 9 10 | 10.2
Slings         | 1 2 3 4 5 6 7 8 9 10 | 10.2
Bows           | 1 2 3 4 5 6 7 8 9 10 | 10.2
Crossbows      | 1 2 3 4 5 6 7 8 9 10 | 10.2
Armour         | 1 2 3 4 5 6 7 8 9 10 | 10.2
Stealth        | 1 2 3 4 5 6 7 8 9 10 | 10.2
Shields        | 1 2 3 4 5 6 7 8 9 10 | 10.2
Unarmed Combat | 1 2 3 4 5 6 7 8 9 10 | 10.2
Spellcasting   | 1 2 3 4 5 6 7 8 9 10 | 10.2
Evocations     | 1 2 3 4 5 6 7 8 9 10 | 10.2
Conjurations   | 1 2 3 4 5 6 7 8 |  8.6
Hexes          | 1 2 3 4 5 6 7 8 |  8.6
Charms         | 1 2 3 4 5 6 7 8 |  8.6
Summonings     | 1 2 3 4 5 6 7 8 |  8.6
Necromancy     | 1 2 3 4 5 6 7 8 |  8.6
Translocations | 1 2 3 4 5 6 7 8 |  8.6
Transmutations | 1 2 3 4 5 6 7 8 |  8.6
Fire Magic     | 1 2 3 4 5 6 7 8 |  8.6
Ice Magic      | 1 2 3 4 5 6 7 8 |  8.6
Air Magic      | 1 2 3 4 5 6 7 8 |  8.6
Earth Magic    | 1 2 3 4 5 6 7 8 |  8.6
Poison Magic   | 1 2 3 4 5 6 7 8 |  8.6
Fighting       | 5 6 7 8 9 10 11 | 11.1
Throwing       | 5 6 7 8 9 10 11 | 11.1
Staves         | 7 8 9 10 11 | 11.9
Dodging        | 7 8 9 10 11 | 11.9

Action                   |  1- 3 |  4- 6 |  7- 9 | 10-12 | 13-15 || total
-------------------------+-------+-------+-------+-------+-------++-------
Melee: Quarterstaff      |    10 |       |       |       |       ||    10
       Mace              |    66 |    82 |   126 |    93 |       ||   367
       Bite              |     5 |    16 |    61 |   137 |   152 ||   371
       Falchion          |       |    55 |   239 |   391 |       ||   685
       Punch             |       |       |     7 |    27 |       ||    34
       Headbutt          |       |       |    12 |    10 |       ||    22
       Battleaxe         |       |       |       |    55 |   836 ||   891
 Fire: Hunting sling     |       |     3 |    19 |    12 |       ||    34
Throw: Stone             |       |    44 |    86 |    35 |   275 ||   440
       Dart              |       |    10 |    52 |    42 |    43 ||   147
       Throwing net      |       |     1 |     2 |       |       ||     3
       Boomerang         |       |       |     1 |    46 |    88 ||   135
       Javelin           |       |       |       |     7 |       ||     7
 Cast: Tukima's Dance    |       |       |       |     2 |    72 ||    74
       Poisonous Vapours |       |       |       |     3 |     5 ||     8
       Mephitic Cloud    |       |       |       |     1 |     1 ||     2
       Sting             |       |       |       |       |    12 ||    12
       Olgreb's Toxic Ra |       |       |       |       |    28 ||    28
       Summon Butterflie |       |       |       |       |     1 ||     1
       Portal Projectile |       |       |       |       |     1 ||     1
Invok: Heroism           |       |       |       |     8 |    10 ||    18
       Finesse           |       |       |       |     3 |     2 ||     5
 Abil: Evoke Invisibilit |       |       |       |       |     4 ||     4
       Evoke Blink       |       |       |       |       |     2 ||     2
       Evoke Flight      |       |       |       |       |     1 ||     1
Evoke: Wand              |       |       |       |    20 |       ||    20
  Use: Potion            |       |     1 |     4 |     5 |       ||    10
       Scroll            |       |       |    15 |    22 |    11 ||    48
 Stab: Sleeping          |       |     2 |     3 |    10 |    14 ||    29
       Distracted        |       |       |     2 |       |    10 ||    12
       Confused          |       |       |       |     2 |       ||     2
       Paralysed         |       |       |       |     2 |       ||     2
       Petrified         |       |       |       |       |     3 ||     3
       Invisible         |       |       |       |       |     7 ||     7
  Eat: Chunk             |     1 |     6 |    11 |    14 |    41 ||    73
       Ration            |       |     1 |     1 |     3 |     2 ||     7
Armor: Ring mail         |    25 |    35 |   132 |    49 |   247 ||   488
       Leather armour    |     3 |       |       |       |       ||     3
       Scale mail        |       |       |       |   162 |    28 ||   190
Dodge: Dodged            |    62 |   125 |   373 |   538 |   769 ||  1867
       Rpst.: Falchion   |       |    19 |    61 |    97 |       ||   177
